 Dungeon Crawl Stone Soup version 0.28-a0-695-gff09746 (webtiles) character file.

Game seed: 17528767765183518609

1360 Nithhogg the Cleaver (level 8, -9/74 (78) HPs)
             Began as a Hill Orc Fighter on Oct 21, 2021.
             Mangled by an orc warrior (19 damage)
             ... on level 6 of the Dungeon on Oct 22, 2021.
             The game lasted 00:14:09 (5643 turns).

Nithhogg the Cleaver (Hill Orc Fighter)             Turns: 5643, Time: 00:14:09

HP:   -9/74 (78)    AC: 11    Str: 21    XL:     8   Next: 64%
MP:   8/8           EV:  9    Int:  8    God:
Gold: 276           SH:  0    Dex: 10    Spells: 7/7 levels left

rFire   . . .      SeeInvis .   r - +0 battleaxe
rCold   . . .      Faith    .   (shield currently unavailable)
rNeg    . . .      Spirit   .   b - +1 scale mail
rPois   .          Reflect  .   (no helmet)
rElec   .          Harm     .   (no cloak)
rCorr   .          Rampage  .   (no gloves)
Will    .....                   (no boots)
Stlth   ..........              (no amulet)
HPRegen 0.22/turn               w - +4 ring of protection
MPRegen 0.11/turn               (no ring)

@: studying Translocations, drained
A: no striking features
a: no special abilities


You were on level 6 of the Dungeon.
You visited 2 branches of the dungeon, and saw 7 of its levels.

You collected 276 gold pieces.

Inventory:

Hand Weapons
 a - a +1 war axe
 d - a +0 halberd
 r - a +0 battleaxe (weapon)
Armour
 b - a +1 scale mail (worn)
 c - a +0 buckler
 o - a scarf of repulsion
 x - a +2 robe of willpower
Jewellery
 w - a +4 ring of protection (left hand)
Wands
 h - a wand of acid (1) (quivered)
 p - a wand of flame (26)
 v - a wand of digging (4)
Scrolls
 g - 2 scrolls of identify
 i - 2 scrolls of amnesia
 j - a scroll of enchant weapon
 k - a scroll of brand weapon {unknown}
 m - 3 scrolls of teleportation
 n - 2 scrolls of enchant armour
Potions
 e - a potion of heal wounds
 f - a potion of curing
 l - 2 potions of haste {unknown}
 q - a potion of flight {unknown}
 s - a potion of attraction {unknown}
 t - a potion of invisibility {unknown}
 u - a potion of resistance {unknown}
 z - a potion of lignification {unknown}


   Skills:
 + Level 9.5 Fighting
 + Level 9.9 Axes
 - Level 3.2 Armour
 - Level 3.2 Shields


You had 7 spell levels left.
You didn't know any spells.
Your spell library was empty.

Dungeon Overview and Level Annotations

Branches:
Dungeon (6/15)             Temple (1/1) D:5

Altars:
Ashenzari
Cheibriados
Dithmenos
Elyvilon
Gozag
Hepliaklqana
Kikubaaqudgha
Makhleb
Okawaru
Ru
Trog
Uskayaw
Vehumet
Wu Jian
Xom
Yredelemnul
Zin

Shops:
D:3 (


Message History

The orc warrior is lightly wounded.
The orc warrior hits you but does no damage.
You slash the orc warrior!
The orc warrior is heavily wounded.
The orc warrior hits you with a +0 broad axe.
You barely miss the orc warrior.
The orc warrior is heavily wounded.
The orc warrior hits you with a +0 broad axe!
You closely miss the orc warrior.
The orc warrior is heavily wounded.
The orc warrior hits you with a +0 broad axe! x2
* * * LOW HITPOINT WARNING * * *
You are too injured to fight recklessly!
You are too injured to fight recklessly!
You are too injured to fight recklessly!
You are too injured to fight recklessly!
You are too injured to fight recklessly!
You are too injured to fight recklessly!
You are too injured to fight recklessly!
You are too injured to fight recklessly!
You are too injured to fight recklessly!
You are too injured to fight recklessly!
Aiming: Corrosive Bolt
Press: ? - help, Q - select action, (/) - cycle Shift-Dir - straight line, f - orc warrior
Aim: an orc warrior, wielding a +0 broad axe and wearing a +0 chain mail (heavily wounded, 68% to hit)
The bolt of acid misses the orc warrior.
The bolt of acid misses the orc.
The bolt of acid hits the orc!
The acid corrodes the orc!
You kill the orc!
The orc warrior hits you with a +0 broad axe.
* * * LOW HITPOINT WARNING * * *
Aiming: Corrosive Bolt
Press: ? - help, Q - select action, (/) - cycle Shift-Dir - straight line, f/p - orc warrior
Aim: an orc warrior, wielding a +0 broad axe and wearing a +0 chain mail (heavily wounded, 68% to hit)
The bolt of acid hits the orc warrior!
The acid corrodes the orc warrior!
The orc warrior is almost dead.
The bolt of acid hits the orc!!
The acid corrodes the orc!
You kill the orc!
The orc warrior hits you with a +0 broad axe!!
You die...

### #.. #.# #.#
#######.#####
#..@o.)...).#
#.#####.###.......#
....
##...#####.##.#
#.## #..(..####.#
#.# ##.........#
#.# ##.######## #.#
#†# ## #.# #.# .#
######.# ##'##


You could see an orc warrior (corroded).

Vanquished Creatures
  A hornet zombie (D:6)
  A black bear (D:6)
  2 necrophages (D:6)
  3 sky beasts
  An ogre (D:6)
  Blork the orc (D:6)
  3 scorpions
  A howler monkey (D:6)
  A hound (D:6)
  An orc priest (D:3)
  3 iguanas
  An orc wizard (D:6)
  A hound zombie (D:5)
  A hound skeleton (D:5)
  4 gnolls (D:2)
  3 adders
  A shadow imp (D:6)
  An ufetubus (D:5)
  2 adder zombies
  An adder skeleton (D:5)
  5 dart slugs
  14 orcs
  8 endoplasms
  4 giant cockroaches
  3 goblins
  8 hobgoblins
  4 jackals
  A kobold (D:2)
  A quokka (D:1)
  A ball python (D:3)
  3 bats
  4 frilled lizards
  7 rats
96 creatures vanquished.

Notes
Turn   | Place    | Note
-------+----------+-------------------------------------------
     0 | D:1      | Nithhogg the Hill Orc Fighter began the quest for the Orb.
     0 | D:1      | Reached XP level 1. HP: 19/19 MP: 1/1
    77 | D:1      | Reached XP level 2. HP: 27/27 MP: 2/2
   564 | D:1      | Reached XP level 3. HP: 32/34 MP: 3/3
   896 | D:1      | Found a shimmering altar of Xom.
  1097 | D:2      | Reached XP level 4. HP: 33/41 MP: 4/4
  1099 | D:2      | Reached skill level 5 in Fighting
  1531 | D:3      | Found Wudygronn's Weapon Boutique.
  1748 | D:3      | Reached skill level 5 in Axes
  1803 | D:3      | Reached XP level 5. HP: 28/48 MP: 5/5
  1950 | D:4      | Upgraded the game from 0.28-a0-691-gad6df49 to
                  | 0.28-a0-695-gff09746
  2141 | D:4      | Found a sacrificial altar of Ru.
  2141 | D:4      | Found a bloodstained altar of Trog.
  2762 | D:5      | Entered Level 5 of the Dungeon
  2964 | D:5      | Reached XP level 6. HP: 12/57 MP: 6/6
  3340 | D:5      | Noticed a sky beast
  3361 | D:5      | Killed a sky beast
  3462 | D:5      | Reached XP level 7. HP: 59/66 MP: 7/7
  3579 | D:5      | Found a staircase to the Ecumenical Temple.
  3752 | Temple   | Entered the Ecumenical Temple
  4806 | D:6      | Reached XP level 8. HP: 56/75 MP: 8/8
  5088 | D:6      | Noticed Blork the orc
  5094 | D:6      | Killed Blork the orc
  5503 | D:6      | Found a glowing silver altar of Zin.
  5643 | D:6      | Mangled by an orc warrior

Illustrated notes

Levels and vault maps discovered:
D:1:      dpeg_arrival_lava_altar, layout_rooms
D:2:      layout_rooms
D:3:      layout_loops_ring, grunt_qazlal_sundering, serial_shops,
          nicolae_shop_behind_doors, minmay_statues_item
D:4:      layout_cave_pods, amethyst_overflow_temple_binary
D:5:      layout_rooms, temple_hall
D:6:      layout_loops_corners, zin_scriptorium, uniq_blork_the_orc
Temple:   eino_narrow_crystal_temple

Skill      XL: |  1  2  3  4  5  6  7  8 |
---------------+-------------------------+-----
Axes           | 3 4 5 6 7 8 9 |  9.9
Fighting       | 4 5 6 7 8 9 |  9.5
Armour         | |  3.2
Shields        | |  3.2

Action                   |  1- 3 |  4- 6 |  7- 9 || total
-------------------------+-------+-------+-------++-------
Melee: War axe           |   101 |   140 |    70 ||   311
       Battleaxe         |       |       |    25 ||    25
Evoke: Wand              |       |       |     6 ||     6
  Use: Potion            |     3 |     1 |       ||     4
       Scroll            |       |       |     9 ||     9
Armor: Scale mail        |    52 |    31 |    47 ||   130
Dodge: Dodged            |    53 |    84 |    28 ||   165
Block: Buckler           |    20 |    35 |     9 ||    64

Table legend: (Time is in decaauts)
 A = Elapsed time spent in this place.
 B = Non-inter-level travel time spent in this place.
 C = Inter-level travel time spent in this place.
 D = Time resting spent in this place.
 E = Time spent auto-exploring this place.
 F = Levels seen in this place.
 G = Mean time per level.
                   A        B        C        D        E       F      G
               +--------+--------+--------+--------+--------+-----+--------+
         Total |   5737 |   5375 |    362 |    122 |   4408 |   7 |  819.6 |
       Dungeon |   5547 |   5199 |    348 |    122 |   4237 |   6 |  924.5 |
        Temple |    190 |    177 |     13 |      0 |    171 |   1 |  190.0 |
               +--------+--------+--------+--------+--------+-----+--------+

Top non-repeatable levels by time:
     D:6: 1390 daAuts
     D:5: 1326 daAuts
     D:1: 867 daAuts
     D:4: 822 daAuts
     D:2: 808 daAuts
     D:3: 332 daAuts
  Temple: 190 daAuts
